 Dungeon Crawl Stone Soup version 0.26.1-11-gd32895ea62 (webtiles) character file.

Game seed: 3229081541245187148

80 Zeld the Chopper (level 4, -2/40 HPs)
             Began as a Hill Orc Monk on June 13, 2021.
             Slain by a bullfrog skeleton (4 damage)
             ... on level 3 of the Dungeon.
             The game lasted 00:01:22 (1402 turns).

Zeld the Chopper (Hill Orc Monk)                    Turns: 1402, Time: 00:01:23

Health: -2/40      AC:  2    Str: 14    XL:     4   Next: 39%
Magic:  4/4        EV: 13    Int: 10    God:
Gold:   89         SH:  0    Dex: 13    Spells: 3/3 levels left

rFire    . . .     SeeInvis .   a - +0 hand axe
rCold    . . .     Faith    .   (no shield)
rNeg     . . .     Spirit   .   b - +0 robe
rPois    .         Reflect  .   (no helmet)
rElec    .         Harm     .   (no cloak)
rCorr    .         Rampage  .   (no gloves)
Will     .....                  (no boots)
Stlth    ++........             (no amulet)
HPRegen  0.13/turn              (no ring)
MPRegen  0.09/turn              (no ring)

@: no status effects
A: no striking features
a: no special abilities


You were on level 3 of the Dungeon.
You visited 1 branch of the dungeon, and saw 3 of its levels.

You collected 89 gold pieces.

Inventory:

Hand Weapons
 a - a +0 hand axe (weapon)
Missiles
 f - 47 stones (quivered)
 j - a throwing net
Armour
 b - a +0 robe (worn)
Jewellery
 k - an uncursed ring of see invisible
Scrolls
 d - 2 scrolls of teleportation {unknown}
 e - a scroll of remove curse {unknown}
 l - a scroll of amnesia {unknown}
 m - a scroll of immolation {unknown}
 n - a scroll of identify {unknown}
 o - a scroll of blinking {unknown}
 p - a scroll of random uselessness {unknown}
Potions
 c - a potion of lignification {unknown}
 g - 2 potions of flight {unknown}
 h - a potion of haste {unknown}
 i - a potion of might {unknown}


   Skills:
 + Level 4.1 Fighting
 * Level 5.1 Axes
 + Level 0.7 Throwing
 + Level 1.5 Armour
 + Level 2.8 Dodging
 - Level 1.5 Stealth


You had 3 spell levels left.
You didn't know any spells.
Your spell library contained the following spells:

 Spells                   Type           Power        Failure   Level
 Confusing Touch          Hex            0%           75%         3
 Gell's Gravitas          Tloc           0%           75%         3
 Petrify                  Tmut/Erth      0%           98%         4
 Metabolic Englaciation   Hex/Ice        0%           100%        5
 Yara's Violent Unravell  Hex/Tmut       0%           100%        5


Dungeon Overview and Level Annotations

Branches:
Dungeon (3/15)

Altars:
Yredelemnul


Message History

The bullfrog skeleton hits you.
* * * LOW HITPOINT WARNING * * *
You completely miss the bullfrog skeleton.
The bullfrog skeleton is moderately damaged.
The bullfrog skeleton hits you.
* * * LOW HITPOINT WARNING * * *
You hit the bullfrog skeleton.
The bullfrog skeleton is moderately damaged.
The bullfrog skeleton hits you.
* * * LOW HITPOINT WARNING * * *
The bullfrog skeleton hits you.
* * * LOW HITPOINT WARNING * * *
You hit the bullfrog skeleton.
The bullfrog skeleton is heavily damaged.
The bullfrog skeleton barely misses you.
Unknown command.
You hit the bullfrog skeleton.
The bullfrog skeleton is severely damaged.
The bullfrog skeleton hits you.
You die...

.## #####..#........#
##### #.....#####.###
....# ##'##### #.....
###.# ##...## #.....# ##.#
##.....####....... ##..#
##.......##........
#...####.........#........
.......+.........Z........
.......#........@##.......
#....#.##.......## #.....#
#.#..#.###.....## #.....
#.#..#.# ##...## ###.#
#....#.# ##+## # #.##.:.#
#.# .......## #.#
#.#.....####.###
...............#


You could see a bullfrog skeleton.

Vanquished Creatures
  Natasha (D:3)
  3 adders
  2 dart slugs (D:1)
  A leopard gecko (D:1)
  2 orcs (D:3)
  A giant cockroach (D:2)
  3 goblins (D:3)
  2 hobgoblins
  5 kobolds
  A bat (D:3)
  2 rats
23 creatures vanquished.

Vanquished Creatures (others)
  A withered plant (D:3)
1 creature vanquished.

Grand Total: 24 creatures vanquished

Notes
Turn   | Place    | Note
-------+----------+-------------------------------------------
     0 | D:1      | Zeld the Hill Orc Monk began the quest for the Orb.
     0 | D:1      | Reached XP level 1. HP: 19/19 MP: 1/1
   203 | D:1      | Reached XP level 2. HP: 26/27 MP: 2/2
   636 | D:2      | Reached skill level 1 in Armour
   636 | D:2      | Reached XP level 3. HP: 30/33 MP: 3/3
  1087 | D:3      | Found a basalt altar of Yredelemnul.
  1375 | D:3      | Noticed Natasha
  1388 | D:3      | Killed Natasha
  1389 | D:3      | Reached skill level 5 in Axes
  1389 | D:3      | Reached XP level 4. HP: 21/40 MP: 4/4
  1400 | D:3      | HP: 2/40 [bullfrog skeleton (2)]
  1402 | D:3      | Slain by a bullfrog skeleton

Illustrated notes

Levels and vault maps discovered:
D:1:      minmay_arrival_split_and_join, layout_basic
D:2:      layout_loops_cross
D:3:      layout_loops_corners, yredelemnul_altar_generic,
          chequers_ecumenical_altar_simple_redux, cheibrodos_gnoll_hut,
          uniq_ijyb, uniq_jessica, uniq_natasha

Skill      XL: |  1  2  3 |
---------------+----------+-----
Armour         | 1 |  1.5
Fighting       | 4 |  4.1
Axes           | 5 |  5.1
Throwing       | |  0.7
Dodging        | |  2.8
Stealth        | |  1.5

Action                   |  1- 3 |  4- 6 || total
-------------------------+-------+-------++-------
Melee: Hand axe          |   101 |    14 ||   115
 Stab: Sleeping          |     3 |       ||     3
Armor: Robe              |    11 |     1 ||    12
Dodge: Dodged            |    74 |     5 ||    79
